 Dungeon Crawl Stone Soup version 0.16.2-12-gd0ad4c3 (webtiles) character file.

3523 faibistes the Thaumaturge (level 9, 0/47 HPs)
             Began as a Deep Elf Wizard on Apr 14, 2019.
             Was an Elder of Sif Muna.
             Slain by a vampire mosquito (3 damage)
             ... on level 7 of the Dungeon.
             The game lasted 00:29:34 (11502 turns).

faibistes the Thaumaturge (Deep Elf Wizard)        Turns: 11502, Time: 00:29:36

Health: 0/47       AC:  5    Str:  4    XL:     9   Next: 81%
Magic:  21/29      EV: 15    Int: 27    God:    Sif Muna [****..]
Gold:   383        SH:  0    Dex: 13    Spells: 6 memorised, 14 levels left

rFire  . . .     SeeInvis .     e - +1 club (curse)
rCold  . . .     Clarity  .     a - +0 robe
rNeg   . . .     SustAb   +     (no shield)
rPois  .         Gourm    .     b - +0 hat (curse)
rElec  .         Spirit   .     (no cloak)
rCorr  .         Warding  .     l - +2 pair of gloves (curse)
rMut   .         Stasis   .     (no boots)
MR     .....                    (no amulet)
Stlth  ++........               (no ring)
                                j - ring of sustain abilities

@: about to teleport, repel missiles, not resistant to hostile enchantments,
unstealthy
A: no striking features
a: Channel Energy, Forget Spell, Renounce Religion


You were on level 7 of the Dungeon.
You worshipped Sif Muna.
Sif Muna was greatly pleased with you.
You were not hungry.

You visited 2 branches of the dungeon, and saw 10 of its levels.
You also visited: Ossuary.

You collected 623 gold pieces.
You spent 240 gold pieces at shops.

Inventory:

Hand weapons
 e - a cursed +1 club (weapon)
 m - a +0 dagger of venom
 n - a +0 dagger
Armour
 a - a +0 robe (worn)
 b - a cursed +0 hat (worn)
 l - a cursed +2 pair of gloves (worn)
Jewellery
 j - a ring of sustain abilities (left hand)
 y - a cursed ring of stealth {unknown}
 E - an uncursed ring of flight {unknown}
Scrolls
 p - 2 scrolls of recharging
 s - a scroll of amnesia
 G - a scroll of magic mapping
 I - 6 scrolls of identify
Potions
 f - 2 potions of curing
 g - a potion of resistance
 h - 2 potions of flight
 i - a potion of restore abilities
 k - 3 potions of berserk rage
 o - a potion of cancellation
 q - a potion of ambrosia
 r - a potion of magic
 u - 2 potions of agility
 w - 2 potions of heal wounds
 B - a potion of might
 C - a potion of haste
Books
 c - a book of Minor Magic

   Spells                             Type                      Level
   a - Magic Dart                     Conjuration                  1
   b - Blink                          Translocation                2
   c - Call Imp                       Summoning                    2
   d - Repel Missiles                 Charms/Air                   2
   e - Slow                           Hexes                        2
   f - Conjure Flame                  Conjuration/Fire             3
   g - Mephitic Cloud                 Conjuration/Poison/Air       3
 J - a book of Ice

   Spells                             Type                      Level
   a - Ice Form                       Ice/Transmutation            4
   b - Metabolic Englaciation         Hexes/Ice                    5
   c - Ozocubu's Refrigeration        Ice                          6
   d - Bolt of Cold                   Conjuration/Ice              6
   e - Freezing Cloud                 Conjuration/Ice/Air          6
   f - Simulacrum                     Ice/Necromancy               6
Comestibles
 d - 7 bread rations
 t - a chunk of flesh
 v - 2 royal jellies
 x - 8 fruits
 z - 2 meat rations
 A - a beef jerky
 H - 3 slices of pizza


   Skills:
 + Level 1.4 Fighting
 + Level 6.6 Dodging
 + Level 3.8 Stealth
 * Level 9.8 Spellcasting
 + Level 6.4 Conjurations
 + Level 2.6 Charms
 - Level 1.1 Summonings
 + Level 3.7 Translocations
 * Level 5.0 Fire Magic
 - Level 4.1 Air Magic
 - Level 3.0 Poison Magic
 * Level 3.8 Invocations


You had 14 spell levels left.
You knew the following spells:

 Your Spells              Type           Power        Failure   Level  Hunger
a - Magic Dart            Conj           ####         1%          1    None
b - Conjure Flame         Conj/Fire      #####...     1%          3    None
c - Call Imp              Summ           ###.....     4%          2    None
d - Blink                 Tloc           N/A          1%          2    None
e - Mephitic Cloud        Conj/Pois/Air  #####...     1%          3    None
f - Repel Missiles        Chrm/Air       ####..       1%          2    None


Dungeon Overview and Level Annotations

Branches:
Dungeon (9/15)             Temple (1/1) D:7
   Lair: D:8-11         Orc: D:9-12

Altars:
Ashenzari
Cheibriados
Dithmenos
Elyvilon
Fedhas
Gozag
Kikubaaqudgha
Makhleb
Okawaru
Qazlal
Ru
Sif Muna
Trog
Vehumet
Xom
Zin
The Shining One
Jiyva

Shops:
D:5 !*


Message History

Aiming: Mephitic Cloud
Press: ? - help, Shift-Dir - straight line, f/p - vampire mosquito
Aim: a vampire mosquito The ball explodes into a vile cloud!
The stinking cloud engulfs the vampire mosquito.
Read which item? (? for menu, Esc to quit)
As you read the scroll of fear, it crumbles to dust.
You assume a fearsome visage.
The goblin looks frightened!
The vampire mosquito is unaffected. x3
The vampire mosquito completely misses you.
The vampire mosquito barely misses you.
Read which item? (? for menu, Esc to quit)
As you read the scroll of teleportation, it crumbles to dust.
You feel strangely unstable. The vampire mosquito bites you.
The vampire mosquito bites you.
* * * LOW HITPOINT WARNING * * *
The vampire mosquito bites you!
* * * LOW HITPOINT WARNING * * *
The vampire mosquito bites you.
You die...

########### #......(..#
#.........# #.........# ..
#..§§§....# #[.
#@yy§§....#####...
##########.y§§...g.........
#....#...............###...
#..................#..# ...
#.....#####.######.y..##...
#.....## #.# ###....†..
#......## #.# ####.#..
#.......###.# .....
###...#.#...# ......


You could see 3 vampire mosquitoes and a goblin (fleeing).

Vanquished Creatures
  Prince Ribbit (D:4)
  A wyvern (D:6)
  A hungry ghost (D:7)
  A hippogriff (D:7)
  2 orc warriors
  3 sky beasts
  3 ice beasts
  A black bear (D:6)
  A necrophage (D:6)
  5 centaurs
  An ogre (D:6)
  2 elf zombies (Ossuary)
  A giant frog (D:6)
  5 scorpions
  2 giant frog zombies
  5 crimson imps
  3 hounds
  A goliath beetle (D:6)
  A giant frog skeleton (D:5)
  A hell rat (D:6)
  2 orc wizards
  8 worker ants
  A hound zombie (Ossuary)
  2 mummies (Ossuary)
  A worker ant zombie (D:6)
  8 adders
  7 river rats (D:6)
  A shadow imp (D:6)
  A worm zombie (D:5)
  3 worms
  An adder skeleton (D:5)
  7 giant geckos
  20 orcs
  21 bats
  7 giant cockroaches
  12 goblins
  14 hobgoblins
  4 jackals (D:6)
  6 quokkas
  3 ball pythons
  A ball python skeleton (D:4)
  A giant gecko skeleton (D:4)
  3 giant newts
  A hobgoblin zombie (Ossuary)
  A jackal skeleton (D:7)
  3 jackal zombies (Ossuary)
  5 kobolds
  2 kobold zombies (Ossuary)
  35 rats
  3 rat zombies (Ossuary)
225 creatures vanquished.

Vanquished Creatures (collateral kills)
  2 mummies (Ossuary)
  A gnoll (D:3)
  An ooze (D:3)
  2 kobolds (D:3)
6 creatures vanquished.

Vanquished Creatures (others)
  A crimson imp (Ossuary)
  An iron imp (Ossuary)
  A white imp (D:2)
3 creatures vanquished.

Grand Total: 234 creatures vanquished

Notes
Turn   | Place    | Note
--------------------------------------------------------------
     0 | D:1      | faibistes, the Deep Elf Wizard, began the quest for the Orb.
     0 | D:1      | Reached XP level 1. HP: 10/10 MP: 6/6
   392 | D:1      | Reached XP level 2. HP: 15/15 MP: 2/10
   396 | D:1      | Learned a level 2 spell: Blink
   399 | D:1      | Learned a level 2 spell: Call Imp
  1183 | D:2      | Found a shattered altar of Ashenzari.
  1216 | D:2      | Found a burning altar of Makhleb.
  1332 | D:2      | Reached skill level 5 in Spellcasting
  1332 | D:2      | Reached XP level 3. HP: 19/19 MP: 3/14
  1337 | D:2      | Learned a level 3 spell: Conjure Flame
  1341 | D:2      | Learned a level 3 spell: Mephitic Cloud
  1736 | D:2      | Found a stormy altar of Qazlal.
  1737 | D:2      | Found a deep blue altar of Sif Muna.
  1743 | D:2      | Became a worshipper of Sif Muna the Loreminder
  1861 | D:2      | Found a bloodstained altar of Trog.
  2649 | D:2      | Reached XP level 4. HP: 22/24 MP: 9/17
  2653 | D:2      | Learned a level 2 spell: Repel Missiles
  2873 | D:3      | Noticed a centaur
  2881 | D:3      | Killed a centaur
  2881 | D:3      | Reached XP level 5. HP: 28/28 MP: 9/20
  3465 | D:3      | Reached skill level 6 in Spellcasting
  3974 | D:4      | Noticed Prince Ribbit
  3989 | D:4      | Killed Prince Ribbit
  3989 | D:4      | Reached XP level 6. HP: 32/32 MP: 8/22
  4069 | D:5      | Entered Level 5 of the Dungeon
  4101 | D:5      | Found a white marble altar of Elyvilon.
  4113 | D:5      | Found a sand-covered staircase.
  4139 | Ossuary  | Entered an ossuary
  4150 | Ossuary  | Acquired Sif Muna's first power
  4150 | Ossuary  | Reached skill level 1 in Fire Magic
  4152 | Ossuary  | Reached skill level 7 in Spellcasting
  4152 | Ossuary  | Reached skill level 1 in Air Magic
  4152 | Ossuary  | Reached XP level 7. HP: 33/36 MP: 5/25
  4838 | D:4      | Found a snail-covered altar of Cheibriados.
  5072 | D:4      | Found a radiant altar of Vehumet.
  5072 | D:4      | Found a shadowy altar of Dithmenos.
  5802 | D:5      | Reached skill level 5 in Dodging
  6049 | D:5      | Found Urgheamas' Distillery.
  6054 | D:5      | Reached skill level 1 in Poison Magic
  6098 | D:5      | Bought a potion of heal wounds for 70 gold pieces
  6098 | D:5      | Bought a potion of haste for 140 gold pieces
  6101 | D:5      | Found Baixeil's General Store.
  6115 | D:5      | Bought a scroll of teleportation for 30 gold pieces
  6162 | D:6      | Acquired Sif Muna's second power
  6607 | D:5      | Reached XP level 8. HP: 41/41 MP: 18/27
  7028 | D:5      | Reached skill level 8 in Spellcasting
  7207 | D:5      | Reached skill level 5 in Conjurations
  8694 | D:7      | Found a staircase to the Ecumenical Temple.
  8716 | Temple   | Entered the Ecumenical Temple
  8859 | D:6      | Found an iron altar of Okawaru.
  8871 | D:6      | Reached skill level 9 in Spellcasting
  8874 | D:6      | Reached XP level 9. HP: 19/45 MP: 5/29
  9147 | D:6      | Reached skill level 1 in Invocations
  9577 | D:6      | Reached skill level 1 in Charms
 10437 | D:6      | Acquired Sif Muna's third power
 10437 | D:6      | Reached skill level 1 in Fighting
 10852 | D:7      | Found a blossoming altar of Fedhas.
 10948 | D:7      | Reached skill level 5 in Fire Magic
 11502 | D:7      | Slain by a vampire mosquito

Action                   |  1- 3 |  4- 6 |  7- 9 || total
-------------------------+-------+-------+-------++-------
Melee: Club              |       |     4 |    10 ||    14
 Cast: Magic Dart        |   103 |    59 |   517 ||   679
       Call Imp          |     4 |     4 |    12 ||    20
       Mephitic Cloud    |     1 |     3 |    30 ||    34
       Blink             |     1 |       |    10 ||    11
       Repel Missiles    |       |     2 |     1 ||     3
       Conjure Flame     |       |     6 |    41 ||    47
  Use: Scroll            |       |    10 |    13 ||    23
       Potion            |       |       |     2 ||     2
  Eat: Chunk             |     5 |     5 |    20 ||    30
       Fruit             |       |       |     2 ||     2
